PAAA
NAPERVILLE BATTLEKINGS @ BANGOR TRIDENT BASE OGRES
06/10/2022
 
TOP OF THE 1ST
Naperville Battlekings batting - Pitching for Bangor Trident Base Ogres : RHP Grant White
Pitching: RHP Grant White
Batting: RHB Scott Peterson 0-0: Called Strike
0-1: Swinging Strike
0-2: Ball
1-2: Ball
2-2: Foul Ball, location: 2F
2-2: Strikes out looking
Batting: RHB Sal Haynes 0-0: Ball
1-0: Fly out, F7 (Flyball, 7M)
Batting: LHB Cristo Ramírez 0-0: Foul Ball, location: 2F
0-1: Called Strike
0-2: Strikes out looking
Top of the 1st over - 0 run(s), 0 hit(s), 0 error(s), 0 left on base; Naperville 0 - Bangor Trident Base 0
BOTTOM OF THE 1ST
Bangor Trident Base Ogres batting - Pitching for Naperville Battlekings : LHP Dusty Muhidini
Pitching: LHP Dusty Muhidini
Batting: RHB Elvis Larson 0-0: Ball
1-0: Foul Ball, location: 2F
1-1: Fly out, F4 (Popup, 34D)
Batting: RHB Jeremy Christensen 0-0: Swinging Strike
0-1: Ball
1-1: Foul Ball, location: 2F
1-2: Ball
2-2: Strikes out swinging
Batting: LHB Bernardo Elías 0-0: Fly out, F8 (Flyball, 8LM)
Bottom of the 1st over - 0 run(s), 0 hit(s), 0 error(s), 0 left on base; Naperville 0 - Bangor Trident Base 0
TOP OF THE 2ND
Naperville Battlekings batting - Pitching for Bangor Trident Base Ogres : RHP Grant White
Batting: RHB Earnest Veeck 0-0: Ball
1-0: Foul Ball, location: 2F
1-1: Ball
2-1: Fly out, F8 (Flyball, 8RXD)
Batting: RHB Joe Ferneyhough 0-0: Ball
1-0: Ball
2-0: Called Strike
2-1: Foul Ball, location: 2F
2-2: Ball
3-2: Foul Ball, location: 2F
3-2: SINGLE (Groundball, 4D)
Batting: RHB Carlos Gómez 0-0: Called Strike
0-1: Called Strike
0-2: Ball
1-2: Fly out, F7 (Flyball, 78XD)
Batting: RHB Marcus Wade 0-0: Ball
1-0: Called Strike
1-1: Ball
2-1: Foul Ball, location: 2F
2-2: Ball
3-2: Base on Balls
Joe Ferneyhough to second
Batting: RHB Kevin Tyler 0-0: SINGLE (Groundball, 4M)
Joe Ferneyhough to third
Marcus Wade to second
Runner from 3rd tries for Home, SAFE, no throw or cutoff
Batting: LHB Alfonso Martínez 0-0: Foul Ball, location: 2F
0-1: Called Strike
0-2: Fielders Choice at 2nd, U4 (Groundball, 4M)
Top of the 2nd over - 1 run(s), 2 hit(s), 0 error(s), 2 left on base; Naperville 1 - Bangor Trident Base 0
BOTTOM OF THE 2ND
Bangor Trident Base Ogres batting - Pitching for Naperville Battlekings : LHP Dusty Muhidini
Batting: RHB Bertrand Sunter 0-0: Called Strike
0-1: Ball
1-1: Swinging Strike
1-2: Ball
2-2: DOUBLE (Flyball, 8RXD)
Batting: RHB Tom Baker 0-0: Ball
1-0: Called Strike
1-1: Ball
2-1: Fly out, F9 (Line Drive, 89M)
Batting: RHB Chae-hyeong Kim 0-0: Called Strike
0-1: Ball
1-1: Called Strike
1-2: Foul Ball, location: 2F
1-2: Ball
2-2: Foul Ball, location: 2F
2-2: Foul Ball, location: 2F
2-2: Ball
3-2: SINGLE (Line Drive, 9S)
Bertrand Sunter to third
Runner from 3rd tries for Home, SAFE, throw made home
Chae-hyeong Kim to second
Batting: RHB Hubert Dodson 0-0: Ball
1-0: Ground out 6-3 (Groundball, 6)
Batting: SHB Bill Becker 0-0: Ball
1-0: Fly out, F6 (Popup, 6M)
Bottom of the 2nd over - 1 run(s), 2 hit(s), 0 error(s), 1 left on base; Naperville 1 - Bangor Trident Base 1
TOP OF THE 3RD
Naperville Battlekings batting - Pitching for Bangor Trident Base Ogres : RHP Grant White
Batting: RHB Scott Peterson 0-0: Called Strike
0-1: Ball
1-1: Ball
2-1: SINGLE (Flyball, 9S)
Batting: RHB Sal Haynes 0-0: Called Strike
0-1: Foul Ball, location: 2F
0-2: Ball
1-2: Fly out, F6 (Line Drive, 6)
Batting: LHB Cristo Ramírez 0-0: Ball
1-0: Foul Ball, location: 2F
1-1: Called Strike
Scott Peterson steals 2nd base
1-2: Ground out 4-3 (Groundball, 4)
Scott Peterson to third
Batting: RHB Earnest Veeck 0-0: Ball
1-0: Fly out, F3 (Popup, 3SF)
Top of the 3rd over - 0 run(s), 1 hit(s), 0 error(s), 1 left on base; Naperville 1 - Bangor Trident Base 1
BOTTOM OF THE 3RD
Bangor Trident Base Ogres batting - Pitching for Naperville Battlekings : LHP Dusty Muhidini
Batting: RHB Augusto Rocha 0-0: Foul Ball, location: 2F
0-1: Foul Ball, location: 2F
0-2: Ball
1-2: SINGLE (Groundball, 5L)
Batting: RHB Elvis Larson 0-0: Grounds into double play, 2-4-3 (Groundball, 2R)
Batting: RHB Jeremy Christensen 0-0: Ball
1-0: Ball
2-0: Ground out 6-3 (Groundball, 6)
Bottom of the 3rd over - 0 run(s), 1 hit(s), 0 error(s), 0 left on base; Naperville 1 - Bangor Trident Base 1
TOP OF THE 4TH
Naperville Battlekings batting - Pitching for Bangor Trident Base Ogres : RHP Grant White
Batting: RHB Joe Ferneyhough 0-0: Ball
1-0: Ball
2-0: Foul Ball, location: 2F
2-1: SINGLE (Groundball, 56D)
Batting: RHB Carlos Gómez 0-0: Called Strike
0-1: Grounds into double play, 6-4-3 (Groundball, 6M)
Batting: RHB Marcus Wade 0-0: Foul Ball, location: 2F
0-1: Called Strike
0-2: Ball
1-2: Foul Ball, location: 2F
1-2: Foul Ball, location: 2F
1-2: Ball
2-2: Ball
3-2: Foul Ball, location: 2F
3-2: Base on Balls
Batting: RHB Kevin Tyler 0-0: Fly out, F7 (Flyball, 7M)
Top of the 4th over - 0 run(s), 1 hit(s), 0 error(s), 1 left on base; Naperville 1 - Bangor Trident Base 1
BOTTOM OF THE 4TH
Bangor Trident Base Ogres batting - Pitching for Naperville Battlekings : LHP Dusty Muhidini
Batting: LHB Bernardo Elías 0-0: Called Strike
0-1: Ball
1-1: Ball
2-1: Fly out, F9 (Line Drive, 9S)
Batting: RHB Bertrand Sunter 0-0: Foul Ball, location: 2F
0-1: Ball
1-1: Called Strike
1-2: Ball
2-2: Ball
3-2: SINGLE (Groundball, 6MD)
Batting: RHB Tom Baker 0-0: Swinging Strike
0-1: Foul Ball, location: 2F
0-2: TRIPLE (Flyball, 89XD)
Bertrand Sunter scores
Batting: RHB Chae-hyeong Kim 0-0: Ball
1-0: Ball
2-0: Called Strike
2-1: Ball
3-1: Called Strike
3-2: Ground out 5-3 (Groundball, 56)
Tom Baker scores
Batting: RHB Hubert Dodson 0-0: Called Strike
0-1: Ball
1-1: Ground out 6-3 (Groundball, 6M)
Bottom of the 4th over - 2 run(s), 2 hit(s), 0 error(s), 0 left on base; Naperville 1 - Bangor Trident Base 3
TOP OF THE 5TH
Naperville Battlekings batting - Pitching for Bangor Trident Base Ogres : RHP Grant White
Batting: LHB Alfonso Martínez 0-0: Ball
1-0: Fly out, F9 (Flyball, 89S)
Batting: RHB Scott Peterson 0-0: Ball
1-0: Ball
2-0: Ball
3-0: Base on Balls
Batting: RHB Sal Haynes 0-0: Fly out, F4 (Line Drive, 4)
Batting: LHB Cristo Ramírez 0-0: Called Strike
Throwing error on steal attempt, E2
Scott Peterson to third
0-1: Ball
1-1: DOUBLE (Line Drive, 9D)
Scott Peterson scores
Batting: RHB Earnest Veeck 0-0: Reached on error, E6 (Groundball, 6)
Cristo Ramírez to third
Batting: RHB Joe Ferneyhough 0-0: Ball
1-0: Ground out 5-3 (Groundball, 6)
Top of the 5th over - 1 run(s), 1 hit(s), 2 error(s), 2 left on base; Naperville 2 - Bangor Trident Base 3
BOTTOM OF THE 5TH
Bangor Trident Base Ogres batting - Pitching for Naperville Battlekings : LHP Dusty Muhidini
Batting: SHB Bill Becker 0-0: DOUBLE (Line Drive, 7LD)
Batting: RHB Augusto Rocha 0-0: Ball
1-0: Ground out 5-3 (Groundball, 56)
Batting: RHB Elvis Larson 0-0: Ball
1-0: Foul Ball, location: 2F
1-1: Ball
2-1: SINGLE (Groundball, 56S)
Bill Becker to third
Runner from 3rd tries for Home, SAFE, no throw or cutoff
Batting: RHB Jeremy Christensen 0-0: 2-RUN HOME RUN (Flyball, 7LD), Distance : 384 ft
Pitching: RHP David Francisco
Batting: LHB Bernardo Elías 0-0: Ball
1-0: Called Strike
1-1: SINGLE (Line Drive, 89M)
Batting: RHB Bertrand Sunter 0-0: Ball
1-0: Ball
Bernardo Elías steals 2nd base
2-0: Intentional Walk
Batting: RHB Tom Baker 0-0: Ball
1-0: Foul Ball, location: 2F
1-1: Ball
2-1: Foul Ball, location: 2F
2-2: Strikes out swinging
Batting: RHB Chae-hyeong Kim 0-0: Ball
Passed Ball!
Bernardo Elías to third
Bertrand Sunter to second
1-0: Swinging Strike
1-1: Ball
2-1: Fly out, F9 (Flyball, 89M)
Bottom of the 5th over - 3 run(s), 4 hit(s), 0 error(s), 2 left on base; Naperville 2 - Bangor Trident Base 6
TOP OF THE 6TH
Naperville Battlekings batting - Pitching for Bangor Trident Base Ogres : RHP Grant White
Batting: RHB Carlos Gómez 0-0: Ball
1-0: Ball
2-0: SINGLE (Line Drive, 6M)
Batting: RHB Marcus Wade 0-0: Foul Ball, location: 2F
0-1: Ball
1-1: Foul Ball, location: 2F
1-2: Ball
2-2: SINGLE (Line Drive, 3)
Carlos Gómez to second
Batting: RHB Kevin Tyler 0-0: Called Strike
0-1: Called Strike
0-2: Foul Ball, location: 2F
0-2: Foul Ball, location: 2F
0-2: Fly out, F8 (Flyball, 8LS)
Batting: LHB Alfonso Martínez 0-0: SINGLE (Line Drive, 3D)
Carlos Gómez to third
Marcus Wade to second
Runner from 3rd tries for Home, SAFE, no throw or cutoff
Batting: RHB Scott Peterson 0-0: Ball
1-0: SINGLE (Line Drive, 6)
Marcus Wade to third
Alfonso Martínez to second
Batting: RHB Sal Haynes 0-0: Fly out, F9 (Flyball, 9M)
Batting: LHB Cristo Ramírez 0-0: Ball
1-0: Ground out 5-3 (Groundball, 5F)
Top of the 6th over - 1 run(s), 4 hit(s), 0 error(s), 3 left on base; Naperville 3 - Bangor Trident Base 6
BOTTOM OF THE 6TH
Bangor Trident Base Ogres batting - Pitching for Naperville Battlekings : RHP David Francisco
Batting: RHB Hubert Dodson 0-0: Called Strike
0-1: Ball
1-1: Ball
2-1: Swinging Strike
2-2: Ball
3-2: Base on Balls
Batting: SHB Bill Becker 0-0: Bunted foul
0-1: Sac Bunt - play at first, batter OUT! 1-4
Hubert Dodson to second
Batting: RHB Augusto Rocha 0-0: Ball
1-0: Ball
2-0: Swinging Strike
2-1: Ground out 6-3 (Groundball, 6)
Hubert Dodson to third
Batting: RHB Elvis Larson 0-0: Ball
1-0: Fly out, F8 (Flyball, 8LM)
Bottom of the 6th over - 0 run(s), 0 hit(s), 0 error(s), 1 left on base; Naperville 3 - Bangor Trident Base 6
TOP OF THE 7TH
Naperville Battlekings batting - Pitching for Bangor Trident Base Ogres : RHP Grant White
Batting: RHB Earnest Veeck 0-0: Called Strike
0-1: Ball
1-1: Foul Ball, location: 2F
1-2: SINGLE (Groundball, 34)
Batting: RHB Joe Ferneyhough 0-0: Ball
1-0: Fly out, F7 (Flyball, 7D)
Batting: RHB Carlos Gómez 0-0: Called Strike
0-1: Swinging Strike
0-2: Ball
1-2: Foul Ball, location: 2F
1-2: Strikes out swinging
Pitching: RHP Robert Neal
Batting: RHB Marcus Wade 0-0: Called Strike
0-1: Ball
1-1: Called Strike
1-2: Ball
2-2: Strikes out swinging
Top of the 7th over - 0 run(s), 1 hit(s), 0 error(s), 1 left on base; Naperville 3 - Bangor Trident Base 6
BOTTOM OF THE 7TH
Bangor Trident Base Ogres batting - Pitching for Naperville Battlekings : RHP David Francisco
Batting: RHB Jeremy Christensen 0-0: SINGLE (Groundball, 4M)
Batting: LHB Bernardo Elías 0-0: Ball
1-0: Swinging Strike
1-1: Foul Ball, location: 2F
1-2: SINGLE (Line Drive, 56D)
Jeremy Christensen to second
Batting: RHB Bertrand Sunter 0-0: Ball
1-0: Ground out 6-3 (Groundball, 6S)
Jeremy Christensen to third
Bernardo Elías to second
Batting: RHB Tom Baker 0-0: Fly out, F3 (Popup, 3F)
Batting: RHB Chae-hyeong Kim 0-0: Fly out, F7 (Flyball, 78M)
Bottom of the 7th over - 0 run(s), 2 hit(s), 0 error(s), 2 left on base; Naperville 3 - Bangor Trident Base 6
TOP OF THE 8TH
Naperville Battlekings batting - Pitching for Bangor Trident Base Ogres : RHP Robert Neal
Batting: RHB Kevin Tyler 0-0: Ball
1-0: Called Strike
1-1: Ball
2-1: Swinging Strike
2-2: Fly out, F8 (Flyball, 78M)
Batting: LHB Alfonso Martínez 0-0: Foul Ball, location: 2F
0-1: Hit by Pitch
Batting: RHB Scott Peterson 0-0: Called Strike
0-1: Swinging Strike
0-2: Ball
1-2: Foul Ball, location: 2F
1-2: Foul Ball, location: 2F
1-2: Ball
2-2: Strikes out swinging
Batting: RHB Sal Haynes 0-0: Foul Ball, location: 2F
0-1: Fly out, F9 (Flyball, 9LDF)
Top of the 8th over - 0 run(s), 0 hit(s), 0 error(s), 1 left on base; Naperville 3 - Bangor Trident Base 6
BOTTOM OF THE 8TH
Bangor Trident Base Ogres batting - Pitching for Naperville Battlekings : RHP David Francisco
Batting: RHB Hubert Dodson 0-0: Called Strike
0-1: Ball
1-1: Ball
2-1: Ground out 1-3 (Groundball, 13)
Batting: SHB Bill Becker 0-0: Ball
1-0: Called Strike
1-1: Swinging Strike
1-2: Foul Ball, location: 2F
1-2: Foul Ball, location: 2F
1-2: Fly out, F9 (Line Drive, 89S)
Batting: RHB Augusto Rocha 0-0: Ball
1-0: Ball
2-0: Called Strike
2-1: SINGLE (Line Drive, 78S)
Pitching: RHP Colt Harris
Batting: RHB Elvis Larson 0-0: Foul Ball, location: 2F
0-1: Called Strike
0-2: Ball
1-2: Strikes out swinging
Bottom of the 8th over - 0 run(s), 1 hit(s), 0 error(s), 1 left on base; Naperville 3 - Bangor Trident Base 6
TOP OF THE 9TH
Naperville Battlekings batting - Pitching for Bangor Trident Base Ogres : RHP Robert Neal
Pitching: RHP Kelly Hyde
Batting: LHB Cristo Ramírez 0-0: Ball
1-0: Foul Ball, location: 2F
1-1: Foul Ball, location: 2F
1-2: Strikes out looking
Batting: RHB Earnest Veeck 0-0: Foul Ball, location: 2F
0-1: Foul Ball, location: 2F
0-2: Ball
1-2: Foul Ball, location: 2F
1-2: Ball
2-2: Foul Ball, location: 2F
2-2: Ball
3-2: Fly out, F5 (Line Drive, 5)
Batting: RHB Joe Ferneyhough 0-0: Foul Ball, location: 2F
0-1: Ball
1-1: Ball
2-1: Foul Ball, location: 2F
2-2: Ground out 5-3 (Groundball, 5L)
Top of the 9th over - 0 run(s), 0 hit(s), 0 error(s), 0 left on base; Naperville 3 - Bangor Trident Base 6
This league is powered by Out of the Park Baseball, the baseball management simulation game for PC, Mac and Linux
Friday, April 15th, 2016 - OOTP Baseball 16.9 Build 39